 Dungeon Sprint DCSS version 0.19-a0-414-g76fec5b (webtiles) character file.

2189 Kidiri the Covert (level 9, -18/46 HPs)
             Began as a Spriggan Enchanter on May 31, 2016.
             Was a Follower of Dithmenos.
             Demolished by a tentacle (28 damage)
             ... attached to a kraken
             ... in the Dungeon (Sprint II: "The Violet Keep of Menkaure").
             The game lasted 00:11:12 (1914 turns).

Kidiri the Covert (Spriggan Enchanter)              Turns: 1914, Time: 00:11:12

Health: -18/46     AC:  2    Str:  4    XL:     9   Next: 12%
Magic:  10/24      EV: 28    Int: 24    God:    Dithmenos [*.....]
Gold:   298        SH:  0    Dex: 17    Spells: 7 memorised, 5 levels left

rFire  . . .     SeeInvis +     A - +2 short sword (venom)
rCold  . . .     Gourm    .     B - +0 robe
rNeg   . . .     Faith    .     (shield restricted)
rPois  .         Spirit   .     (helmet restricted)
rElec  .         Dismiss  .     (no cloak)
rCorr  .         Reflect  .     (gloves unavailable)
SustAt .         Harm     .     (boots unavailable)
MR     ++...     NoTele   +     (no amulet)
Stlth  ++++++++..               k - ring of protection from magic
                                f - +5 ring of intelligence

@: wreathed by umbra, very quick, very resistant to hostile enchantments,
extraordinarily stealthy
A: unfitting armour, see invisible, herbivore 3, speed 3, slow metabolism 2,
wild magic 1
a: Renounce Religion


You were in the Dungeon.
You worshipped Dithmenos.
Dithmenos was aware of your devotion.
You were not hungry.

You visited 1 branch You collected 1268 gold pieces.
You spent 970 gold pieces at shops.

Inventory:

Hand Weapons
 A - a +2 short sword of venom (weapon)
Armour
 B - a +0 robe (worn)
Jewellery
 f - a +5 ring of intelligence (left hand)
 k - a ring of protection from magic (right hand)
Scrolls
 j - a scroll of blinking
 q - 2 scrolls of remove curse
 r - a scroll of random uselessness {unknown}
 s - a scroll of fear {unknown}
 u - a scroll of identify {unknown}
 w - a scroll of immolation {unknown}
 x - a scroll of enchant weapon {unknown}
 y - a scroll of amnesia {unknown}
Potions
 g - 2 potions of haste
 h - 4 potions of magic
 m - 4 potions of flight {unknown}
 o - a potion of mutation {unknown}
 p - 3 potions of resistance {unknown}
 z - 2 potions of agility {unknown}
Books
 c - a book of Maledictions

   Spells                             Type                      Level
   a - Corona                         Hexes                        1
   b - Ensorcelled Hibernation        Hexes/Ice                    2
   c - Confuse                        Hexes                        3
   d - Tukima's Dance                 Hexes                        3
   e - Dazzling Spray                 Conjuration/Hexes            3
 e - a book of Power

   Spells                             Type                      Level
   a - Fulminant Prism                Conjuration/Hexes            4
   b - Iskenderun's Mystic Blast      Conjuration                  4
   c - Venom Bolt                     Conjuration/Poison           5
   d - Bolt of Magma                  Conjuration/Fire/Earth       5
   e - Iron Shot                      Conjuration/Earth            6
   f - Orb of Destruction             Conjuration                  7
   g - Spellforged Servitor           Conjuration/Summoning        7
Comestibles
 d - a bread ration
 t - a slice of pizza
 v - 4 fruits


   Skills:
 + Level 4.6 Fighting
 * Level 9.1 Short Blades
 + Level 4.1 Armour
 * Level 12.0 Dodging
 * Level 13.1 Stealth
 * Level 10.3 Spellcasting
 * Level 3.4 Conjurations
 + Level 8.0 Hexes
 + Level 3.1 Ice Magic
 + Level 1.9 Earth Magic
 + Level 2.0 Poison Magic
 + Level 2.1 Invocations


You had 5 spell levels left.
You knew the following spells:

 Your Spells              Type           Power        Failure   Level  Hunger
a - Corona                Hex            ######.      1%          1    None
b - Ensorcelled Hibernat  Hex/Ice        ######       1%          2    None
c - Confuse               Hex            ######..     1%          3    None
d - Tukima's Dance        Hex            ######..     1%          3    None
e - Dazzling Spray        Conj/Hex       ######       2%          3    None
f - Venom Bolt            Conj/Pois      ####......   63%         5    ####...
g - Iron Shot             Conj/Erth      ####......   100%        6    ######.


Dungeon Overview and Level Annotations

Branches:
Dungeon (1/1)

Altars:
Cheibriados
Dithmenos
Elyvilon
Fedhas
Gozag
Hepliaklqana
Kikubaaqudgha
Makhleb
Nemelex Xobeh
Okawaru
Pakellas
Qazlal
Ru
Sif Muna
Trog
Uskayaw
Vehumet
Xom
Yredelemnul
Zin
The Shining One
Beogh
Jiyva
Lugonu

Shops:
D :[%[:=?:=}[:!(!!

Annotations:
D exclusion: oklob plant


Innate Abilities, Weirdness & Mutations

You are tiny and cannot use many weapons and most armour.
You have supernaturally acute eyesight. (SInv)
You are a herbivore.
You cover ground extremely quickly.
You need consume almost no food.
Your spells are a little harder to cast, but a little more powerful.


Message History

The kraken misses you.
Unknown command.
Casting: Dazzling Spray
Confirm with . or Enter, or press ? or * to list all spells.
Aiming: Dazzling Spray
Press: ? - help, Shift-Dir - straight line, f/p - tentacle
Aim: a tentacle (water, lightly wounded, poisoned, blind, umbra)
The spray of energy hits the tentacle.
The tentacle is moderately wounded.
The tentacle is dazzled.
The spray of energy hits the tentacle.
The tentacle is moderately wounded.
The spray of energy hits the kraken.
The kraken is moderately wounded.
The tentacle slaps you!!
Ouch! That really hurt!
* * * LOW HITPOINT WARNING * * *
The kraken misses you. The tentacle closely misses you.
The tentacle slaps you!!
Ouch! That really hurt!
You die...

#§:▓[.(.[.([▓▓
.####[\▓[.[...).▓▓
...####▓()....[(▓▓
#..##.#▓....[...▓▓
+..#.%#▓.().[...▓▓
#..#).#▓.....)..▓▓
#..##%#▓.()....(▓▓
##..(##▓▓▓▓▓▓▓'▓▓▓▓+▓
.≈≈≈≈≈≈≈≈≈≈≈≈≈..@Xw≈▓
.≈#+########+###www≈▓
.≈#....._..#≈§≈##≈≈≈▓
.≈#...._._.#§§§≈####▓
≈≈#._._._._#§§≈§≈
≈≈#.._._._.#≈§§≈≈
≈≈#._._._._#§≈§≈§
≈§#_._._._.#≈t§§
≈§#._._._..#≈


You could see a kraken and 4 tentacles.

Vanquished Creatures
  A siren (D)
  A yaktaur (D)
  3 polar bears (D)
  A boulder beetle (D)
  Menkaure (D)
  A wasp (D)
  4 necrophages (D)
  A scorpion (D)
  4 worker ants (D)
  3 tentacles (D)
20 creatures vanquished.

Vanquished Creatures (others)
  A boulder beetle (D)
  A crocodile (D)
  9 tentacles (D)
  394 tentacle segments (D)
405 creatures vanquished.

Grand Total: 425 creatures vanquished

Notes
Turn   | Place    | Note
--------------------------------------------------------------
     0 | D        | Kidiri the Spriggan Enchanter began the quest for the Orb.
     0 | D        | Reached XP level 1. HP: 9/9 MP: 5/5
     1 | D        | Noticed a boulder beetle
     1 | D        | Noticed a boulder beetle
     4 | D        | Noticed a necrophage
     4 | D        | Noticed a necrophage
     4 | D        | Noticed a necrophage
     4 | D        | Noticed a necrophage
    10 | D        | Killed a necrophage
    10 | D        | Reached skill level 1 in Fighting
    10 | D        | Reached skill level 1 in Armour
    10 | D        | Reached skill level 7 in Stealth
    10 | D        | Reached skill level 5 in Spellcasting
    10 | D        | Reached XP level 2. HP: 15/15 MP: 6/9
    10 | D        | Reached XP level 3. HP: 18/18 MP: 6/10
    10 | D        | Reached XP level 4. HP: 23/23 MP: 7/12
    16 | D        | Killed a necrophage
    16 | D        | Reached skill level 8 in Stealth
    16 | D        | Reached skill level 5 in Hexes
    16 | D        | Reached XP level 5. HP: 26/26 MP: 7/14
    20 | D        | Killed a necrophage
    20 | D        | Reached skill level 5 in Short Blades
    20 | D        | Reached skill level 9 in Stealth
    45 | D        | Killed a necrophage
    45 | D        | Reached XP level 6. HP: 10/32 MP: 9/17
    49 | D        | Learned a level 2 spell: Ensorcelled Hibernation
    53 | D        | Learned a level 3 spell: Confuse
    57 | D        | Learned a level 3 spell: Tukima's Dance
    61 | D        | Learned a level 3 spell: Dazzling Spray
   268 | D        | Noticed a siren
   284 | D        | Killed a siren
   284 | D        | Reached skill level 10 in Dodging
   284 | D        | Reached skill level 11 in Stealth
   284 | D        | Reached skill level 1 in Conjurations
   284 | D        | Reached skill level 1 in Ice Magic
   284 | D        | Reached XP level 7. HP: 35/36 MP: 5/19
   418 | D        | Killed a boulder beetle
   428 | D        | Killed a boulder beetle
   428 | D        | Reached skill level 12 in Stealth
   428 | D        | Reached XP level 8. HP: 42/42 MP: 7/22
   501 | D        | Noticed a flying skull
   501 | D        | Noticed a flying skull
   501 | D        | Noticed a flying skull
   501 | D        | Noticed a flying skull
   501 | D        | Noticed a flying skull
   502 | D        | Noticed Menkaure
   502 | D        | Noticed a flying skull
   502 | D        | Noticed a flying skull
   503 | D        | Noticed a flying skull
   504 | D        | Noticed a flying skull
   504 | D        | Noticed a flying skull
   505 | D        | Noticed a flying skull
   507 | D        | Noticed a flying skull
   513 | D        | Killed Menkaure
   517 | D        | Found Kune Veu's Distillery.
   533 | D        | Noticed an orange crystal statue
   538 | D        | Found Zaohaq's Distillery.
   539 | D        | Found Ereunk's Distillery.
   540 | D        | Found Rany's Gadget Shoppe.
   540 | D        | Found Hurgh's Jewellery Emporium.
   540 | D        | Found Xiyph's Book Shoppe.
   548 | D        | Found Fiyruck's Jewellery Emporium.
   548 | D        | Found Durreumn's Book Shoppe.
   550 | D        | Found Uguatheni's Book Shoppe.
   550 | D        | Found Kaim's Antique Armour Emporium.
   551 | D        | Found Vurphaagu's Food Shoppe.
   551 | D        | Found Oqosy's Antique Armour Emporium.
   552 | D        | Found Loumegil's Antique Weapon Shoppe.
   552 | D        | Found Hener's Magic Scroll Emporium.
   553 | D        | Found Fafiucwi's Antique Armour Emporium.
   555 | D        | Noticed an oklob plant
   556 | D        | Found Vaddonoc's Book Shoppe.
   581 | D        | Bought a book of Power for 585 gold pieces
   586 | D        | Bought a potion of beneficial mutation for 385 gold pieces
   586 | D        | Gained mutation: Your spells are a little harder to cast, but a little more powerful. [potion of beneficial mutation]
   593 | D        | Learned a level 5 spell: Venom Bolt
   600 | D        | Learned a level 6 spell: Iron Shot
   646 | D        | Found a hazy altar of Hepliaklqana.
   646 | D        | Found a white marble altar of Elyvilon.
   647 | D        | Found a shadowy altar of Dithmenos.
   647 | D        | Found a sacrificial altar of Ru.
   647 | D        | Found a roughly hewn altar of Beogh.
   648 | D        | Found a burning altar of Makhleb.
   648 | D        | Found a bloodstained altar of Trog.
   649 | D        | Found an ancient bone altar of Kikubaaqudgha.
   649 | D        | Found a glowing silver altar of Zin.
   649 | D        | Found an oddly glowing altar of Pakellas.
   650 | D        | Found a hide-covered altar of Uskayaw.
   650 | D        | Found a viscous altar of Jiyva.
   650 | D        | Found a corrupted altar of Lugonu.
   651 | D        | Found a basalt altar of Yredelemnul.
   651 | D        | Found an opulent altar of Gozag.
   652 | D        | Found an iron altar of Okawaru.
   653 | D        | Found a radiant altar of Vehumet.
   653 | D        | Found a deep blue altar of Sif Muna.
   653 | D        | Found a sparkling altar of Nemelex Xobeh.
   653 | D        | Found a blossoming altar of Fedhas.
   653 | D        | Found a glowing golden altar of the Shining One.
   653 | D        | Noticed a polar bear
   654 | D        | Found a shimmering altar of Xom.
   654 | D        | Found a stormy altar of Qazlal.
   654 | D        | Found a snail-covered altar of Cheibriados.
   654 | D        | Noticed a yaktaur
   658 | D        | Became a worshipper of Dithmenos the Shadowed
   665 | D        | Noticed a polar bear
   674 | D        | Killed a polar bear
   674 | D        | Reached skill level 1 in Invocations
   676 | D        | Noticed a polar bear
   680 | D        | Killed a polar bear
   680 | D        | Reached skill level 10 in Spellcasting
   680 | D        | Reached skill level 1 in Earth Magic
   680 | D        | Reached skill level 1 in Poison Magic
   686 | D        | Reached * piety under Dithmenos
   700 | D        | Killed a polar bear
   704 | D        | Killed a yaktaur
   704 | D        | Reached skill level 13 in Stealth
   704 | D        | Reached XP level 9. HP: 28/46 MP: 6/24
   852 | D        | Noticed a kraken
  1914 | D        | Demolished by a tentacle

Vault maps used:
D:        the_violet_keep_of_menkaure

Skill      XL: |  1  2  3  4  5  6  7  8 |
---------------+-------------------------+-----
Fighting       | 1 2 3 4 |  4.6
Short Blades   | 3 4 6 7 8 9 |  9.1
Armour         | 1 2 3 4 |  4.1
Dodging        | 6 7 8 10 12 | 12.0
Stealth        | 7 8 9 11 12 13 | 13.1
Spellcasting   | 5 6 7 8 9 10 | 10.3
Hexes          | 4 5 6 7 8 |  8.0
Conjurations   | 1 2 3 |  3.4
Ice Magic      | 1 2 3 |  3.1
Invocations    | 2 |  2.1
Earth Magic    | 1 |  1.9
Poison Magic   | 2 |  2.0

Action                   |  1- 3 |  4- 6 |  7- 9 || total
-------------------------+-------+-------+-------++-------
Melee: Dagger            |     4 |    41 |    34 ||    79
       Short sword       |       |       |     7 ||     7
 Cast: Corona            |       |     2 |       ||     2
       Ensorcelled Hiber |       |     2 |    23 ||    25
       Tukima's Dance    |       |     2 |       ||     2
       Confuse           |       |     1 |     8 ||     9
       Dazzling Spray    |       |       |    17 ||    17
  Use: Potion            |     1 |     1 |     4 ||     6
       Scroll            |       |       |     1 ||     1
 Stab: Confused          |       |     1 |     4 ||     5
       Sleeping          |       |       |    10 ||    10
       Invisible         |       |       |     5 ||     5
Armor: Robe              |     1 |     1 |       ||     2
Dodge: Dodged            |     1 |    18 |    59 ||    78
